 Dungeon Crawl Stone Soup version 0.31-a0-1104-g3bd3108 (webtiles) character file.

Game seed: 6664302283212162744

22804647 Kearsarge the Draconian Barricade (level 27, 354/354 HPs)
             Began as a Pale Draconian Fighter on Dec 2, 2023.
             Was an Initiate of Gozag.
             Escaped with the Orb
             ... and 15 runes!
             The game lasted 02:14:17 (66248 turns).

Kearsarge the Draconian Barricade (DrFi)           Turns: 66248, Time: 02:14:18

Health: 354/354    AC: 42    Str: 26    XL:     27
Magic:  32/32      EV: 28    Int: 10    God:    Gozag
Gold:   682        SH: 20    Dex: 16    Spells: 26/26 levels left

rFire   + +          .
                       - Unarmed
rCold   + + +        y - +2 shield of Resistance {rF++ rC++ Will++}
rNeg    + + .        (body armour unavailable)
rPois   ∞            R - +1 hat of Tuxeutef {Dex+2}
rElec   +            N - +2 cloak {rCorr}
rCorr   +            K - melded +2 pair of gloves
SInv    +            Q - melded +0 pair of boots of the Arena {Str+6}
Will    ++++.        T - amulet of Vitality {RegenMP++ Regen++}
Stlth   +++          S - ring "Luryop" {rF+ rC+ rN+ MP+9}
HPRegen 2.39/turn    q - ring of see invisible
MPRegen 1.03/turn

%: no passive effects
@: statue-form, flying, hasted, studying 5 skills
A: slow and powerful, torment resistance 1, boosted hp, (breathe steam), AC +13,
unfitting armour, cold-blooded, steam resistance, horns 1, stinger 2, dopey 1,
poison resistance, heat vulnerability 1, inability to read after injury 2
0: Orb of Zot
}: 15/15 runes: barnacled, slimy, silver, golden, iron, obsidian, icy, bone,
abyssal, demonic, glowing, magical, fiery, dark, gossamer
a: Begin Untransformation, Renounce Religion, Potion Petition, Call Merchant,
Bribe Branch


You escaped.
You worshipped Gozag.
Gozag was pleased with you.
You were a living statue of rough stone.
You visited 18 branches of the dungeon, and saw 86 of its levels.
You visited Pandemonium 1 time, and saw 21 of its levels.
You visited the Abyss 2 times.
You visited 1 ziggurat, and saw 6 of its levels.
You also visited: Trove, Ossuary and Ice Cave.

You collected 52141 gold pieces.
You spent 7102 gold pieces at shops.
You paid 44357 gold pieces to Gozag.

Inventory:

Hand Weapons
 V - a +2 dire flail of distortion
Missiles
 d - 6 throwing nets
 n - 15 curare-tipped darts
Armour
 y - the +2 shield of Resistance (worn) {rF++ rC++ Will++}
   (You acquired it on level 6 of the Dungeon)

   rF++:      It greatly protects you from fire.
   rC++:      It greatly protects you from cold.
   Will++:    It greatly increases your willpower.
 K - a +2 pair of gloves (melded)
 N - a +2 cloak of preservation (worn)
 Q - the +0 pair of boots of the Arena (melded) {Str+6}
   (You bought it in a shop on level 2 of the Orcish Mines)

   Str+6:     It affects your strength (+6).
 R - the +1 hat of Tuxeutef (worn) {Dex+2}
   (You found it on level 4 of the Spider Nest)

   Dex+2:     It affects your dexterity (+2).
Jewellery
 f - a ring of protection from fire
 h - the ring "Xuck" {rElec rN+ Str+4 Stlth+}
   (You found it on level 3 of the Crypt)

   [ring of positive energy]

   Str+4:     It affects your strength (+4).
   rElec:     It insulates you from electricity.
   rN+:       It protects you from negative energy.
   Stlth+:    It makes you more stealthy.
 q - a ring of see invisible (right fist)
 L - the ring of Lady Luck {*Corrode Fly Dex+2 Slay+4 SInv}
   (You found it on level 3 of the Tomb of the Ancients)

   [ring of slaying]

   Dex+2:     It affects your dexterity (+2).
   Slay+4:    It affects your accuracy & damage with ranged weapons and melee
   (+4).
   SInv:      It lets you see invisible.
   Fly:       It grants you flight.
   *Corrode:  It may corrode you when you take damage.
 S - the ring "Luryop" (left fist) {rF+ rC+ rN+ MP+9}
   (You found it on level 7 of Gehenna)

   [ring of protection from cold]

   rF+:       It protects you from fire.
   rC+:       It protects you from cold.
   rN+:       It protects you from negative energy.
   MP+9:      It affects your magic capacity (+9).
 T - the amulet of Vitality (around neck) {RegenMP++ Regen++}
   (You found it on level 5 of the Pits of Slime)

   [amulet of magic regeneration]

   RegenMP:   It increases your rate of magic regeneration.
   Regen++:   It increases your rate of health regeneration.
Talismans
 s - a granite talisman (active)
Wands
 e - a wand of iceblast (18)
 g - a wand of digging (3)
 G - a wand of charming (37)
 Y - a wand of quicksilver (47)
Scrolls
 j - 5 scrolls of amnesia
 k - 6 scrolls of poison
 m - 2 scrolls of silence
 w - 7 scrolls of immolation
 z - 9 scrolls of vulnerability
 B - 6 scrolls of teleportation
 H - 2 scrolls of butterflies
 M - 8 scrolls of noise
 O - 6 scrolls of enchant armour
 P - 11 scrolls of fear
 X - 2 scrolls of torment
Potions
 b - a potion of might
 c - a potion of haste
 i - 2 potions of resistance
 l - 11 potions of heal wounds
 o - 8 potions of attraction
 p - 2 potions of cancellation
 t - 7 potions of lignification
 u - 8 potions of berserk rage
 v - 6 potions of brilliance
 A - 7 potions of magic
 D - 23 potions of curing
 E - 2 potions of invisibility
 F - 10 potions of enlightenment
 J - 11 potions of ambrosia
Miscellaneous
 x - a lightning rod (4/4)
 I - a figurine of a ziggurat
 U - a condenser vane
 W - a phantom mirror
 Z - a box of beasts


   Skills:
 O Level 27 Fighting
 O Level 27 Dodging
 * Level 21.9 Stealth
 O Level 27 Shields
 O Level 27 Unarmed Combat
 + Level 17.7 Evocations
 - Level 25.0 Shapeshifting


You had 26 spell levels left.
You didn't know any spells.
Your spell library contained the following spells:

 Spells                   Type           Power      Damage    Failure   Level
 Foxfire                  Conj/Fire      0%         2x1d4     36%         1
 Freeze                   Ice            0%         1d3       36%         1
 Kiss of Death            Conj/Necr      0%         2d5       36%         1
 Magic Dart               Conj           0%         1d3       36%         1
 Necrotise                Necr           0%         1d4       36%         1
 Sandblast                Erth           0%         2d4       36%         1
 Shock                    Conj/Air       0%         1d3       36%         1
 Sting                    Tmut/Pois      0%         1d3       36%         1
 Summon Small Mammal      Summ           0%         N/A       36%         1
 Call Imp                 Summ           0%         N/A       50%         2
 Cigotuvi's Dreadful Rot  Necr/Pois/Air  0%         N/A       50%         2
 Ensorcelled Hibernation  Hex/Ice        0%         N/A       50%         2
 Passwall                 Tmut/Erth      0%         N/A       50%         2
 Scorch                   Fire           0%         2d5       50%         2
 Searing Ray              Conj           0%         2d4       50%         2
 Static Discharge         Conj/Air       0%         3-3/arc   50%         2
 Call Canine Familiar     Summ           0%         N/A       75%         3
 Confusing Touch          Hex            0%         N/A       75%         3
 Dazzling Flash           Conj/Hex       0%         N/A       75%         3
 Frozen Ramparts          Ice            0%         1d1       75%         3
 Gell's Gravitas          Tloc           0%         N/A       75%         3
 Hailstorm                Conj/Ice       0%         3d3       75%         3
 Ignite Poison            Fire/Tmut/Pois 0%         N/A       75%         3
 Inner Flame              Hex/Fire       0%         N/A       75%         3
 Ozocubu's Armour         Ice            0%         N/A       75%         3
 Sigil of Binding         Hex            0%         N/A       75%         3
 Stone Arrow              Conj/Erth      0%         3d7       75%         3
 Summon Guardian Golem    Hex/Summ       0%         N/A       75%         3
 Swiftness                Air            0%         N/A       75%         3
 Teleport Other           Tloc           0%         N/A       75%         3
 Tukima's Dance           Hex            0%         N/A       75%         3
 Volatile Blastmotes      Fire/Tloc      0%         2d10      75%         3
 Airstrike                Air            0%         2d(0-16)  98%         4
 Anguish                  Hex/Necr       0%         N/A       98%         4
 Brom's Barrelling Bould  Conj/Erth      0%         2d3       98%         4
 Cause Fear               Hex            0%         N/A       98%         4
 Dimensional Bullseye     Hex/Tloc       0%         N/A       98%         4
 Dispel Undead            Necr           0%         3d6       98%         4
 Flame Wave               Conj/Fire      0%         2d4       98%         4
 Fulminant Prism          Conj/Hex       0%         3d5       98%         4
 Iskenderun's Mystic Bla  Conj/Tloc      0%         2d3       98%         4
 Leda's Liquefaction      Hex/Erth       0%         N/A       98%         4
 Petrify                  Tmut/Erth      0%         N/A       98%         4
 Sticky Flame             Conj/Fire      0%         2d3       98%         4
 Summon Lightning Spire   Summ/Air       0%         N/A       98%         4
 Vhi's Electric Charge    Tloc/Air       0%         N/A       98%         4
 Alistair's Intoxication  Tmut/Pois      0%         N/A       100%        5
 Arcjolt                  Conj/Air       0%         1d10      100%        5
 Borgnjor's Vile Clutch   Necr/Erth      0%         N/A       100%        5
 Freezing Cloud           Conj/Ice/Air   0%         6-21      100%        5
 Iskenderun's Battlesphe  Conj           0%         2d6       100%        5
 Metabolic Englaciation   Hex/Ice        0%         N/A       100%        5
 Summon Forest            Summ/Tloc      0%         N/A       100%        5
 Summon Mana Viper        Hex/Summ       0%         N/A       100%        5
 Yara's Violent Unravell  Hex/Tmut       0%         3d3       100%        5
 Bombard                  Conj/Erth      0%         9d1       100%        6
 Death Channel            Necr           0%         N/A       100%        6
 Dispersal                Tloc           0%         N/A       100%        6
 Eringya's Noxious Bog    Tmut/Pois      0%         4d6       100%        6
 Plasma Beam              Fire/Air       0%         2x1d10    100%        6
 Summon Cactus Giant      Summ           0%         N/A       100%        6
 Enfeeble                 Hex            0%         N/A       100%        7
 Haunt                    Necr/Summ      0%         N/A       100%        7
 Malign Gateway           Summ/Tloc      0%         N/A       100%        7
 Monstrous Menagerie      Summ           0%         N/A       100%        7
 Ozocubu's Refrigeration  Ice            0%         4d7       100%        7
 Spellforged Servitor     Conj/Summ      0%         N/A       100%        7
 Borgnjor's Revivificati  Necr           0%         N/A       100%        8
 Infestation              Necr           0%         N/A       100%        8
 Lehudib's Crystal Spear  Conj/Erth      0%         10d2      100%        8
 Summon Horrible Things   Summ           0%         N/A       100%        8
 Death's Door             Necr           0%         N/A       100%        9
 Dragon's Call            Summ           0%         N/A       100%        9
 Fire Storm               Conj/Fire      0%         5d1       100%        9
 Sublimation of Blood     Necr           Unusable   N/A       N/A         2
 Animate Armour           Summ/Erth      Unusable   N/A       N/A         4
 Animate Dead             Necr           Unusable   N/A       N/A         4
 Simulacrum               Ice/Necr       Unusable   N/A       N/A         6

Dungeon Overview and Level Annotations

Branches:
Dungeon (15/15)            Temple (1/1) D:4            Lair (5/5) D:8
 Shoals (4/4) Lair:2       Spider (4/4) Lair:3        Slime (5/5) Lair:5
    Orc (2/2) D:11            Elf (3/3) Orc:2        Vaults (5/5) D:14
  Crypt (3/3) Vaults:2       Tomb (3/3) Crypt:3      Depths (4/4) D:15
   Hell (visited)             Dis (7/7) Hell            Geh (7/7) Hell
    Coc (7/7) Hell            Tar (7/7) Hell            Zot (5/5) Depths:4
Ossuary (visited)           IceCv (visited)

Altars:
Ashenzari
Cheibriados
Dithmenos
Elyvilon
Fedhas
Gozag
Hepliaklqana
Kikubaaqudgha
Makhleb
Nemelex Xobeh
Okawaru
Qazlal
Ru
Sif Muna
Trog
Uskayaw
Vehumet
Wu Jian
Xom
Yredelemnul
Zin
The Shining One
Ignis
Lugonu

Shops:
D:6 =   D:8 =[   D:14 :   D:15 (   Orc:1 =   Orc:2 [[(*   Lair:3 **
Shoals:2 *   Shoals:3 =   Shoals:4 (:   Spider:1 [?=   Vaults:1 [   Vaults:2 ((
Vaults:4 (   Depths:1 :   Depths:2 [[!?   Depths:4 *

Portals:
Hell: Depths:1 Depths:2
Abyss: Shoals:1 Depths:1 Depths:3
Pandemonium: Depths:2 Depths:4

Annotations:
D:3 2 runed translucent doors, Boogie's ghost, amateur DsNe
D:9 1 runed translucent door, oops's ghost, novice OpSh
D:15 3 runed translucent doors, Tumatom's ghost, adept MiAK
Shoals:1 1 runed translucent door
Elf:2 3 runed translucent doors
Tar:2 exclusion: 2 oklob plants


Innate Abilities, Weirdness & Mutations

You are a living statue of rough stone.
Your actions are slow, but your melee attacks are powerful.
You are resistant to unholy torment.
Your maximum health is greatly increased.
Your equipment is partially melded.
((You can breathe blasts of scalding, opaque steam.))
((Your pale cyan-grey scales are hard. (AC +13)))
You cannot fit into any form of body armour.
You are immune to poison.
You are cold-blooded and may be slowed by cold attacks.
You are immune to the effects of steam.
You have a pair of small horns on your head.
Your tail ends in a sharp venomous barb.
You are dopey. (Int -2)
Your system is resistant to poisons. (rPois)
You are vulnerable to heat. (rF-)
You sometimes lose the ability to read scrolls when taking damage.


Message History

Okay, then.
Okay, then.
As you read the scroll of teleportation, it crumbles to dust.
You feel strangely unstable.
You feel the Orb delaying your translocation!
You start waiting.
Your surroundings seem slightly different.
As you read the scroll of teleportation, it crumbles to dust.
You feel strangely unstable.
You feel the Orb delaying your translocation!
You start waiting.
Your surroundings suddenly seem different.
Aiming: Dig
Press: ? - help, Q - select action, (/) - cycle Shift-Dir - straight line A rock wall.
This square is covered in magical glow.
The rock shatters into small pieces.
You feel yourself speed up.
Blink to where?
Press: ? - help, Q - select action, (/) - cycle Dir - move target
As you read the scroll of blinking, it crumbles to dust.
Blink to where?
Press: ? - help, Q - select action, (/) - cycle Dir - move target
As you read the scroll of blinking, it crumbles to dust.
Blink to where?
Press: ? - help, Q - select action, (/) - cycle Dir - move target
As you read the scroll of blinking, it crumbles to dust.
Blink to where?
Press: ? - help, Q - select action, (/) - cycle Dir - move target
As you read the scroll of blinking, it crumbles to dust.
The goblin shouts!
You block the goblin's attack.
Blink to where?
Press: ? - help, Q - select action, (/) - cycle Dir - move target
As you read the scroll of blinking, it crumbles to dust.
Blink to where?
Press: ? - help, Q - select action, (/) - cycle Dir - move target
As you read the scroll of blinking, it crumbles to dust.
There is a staircase leading out of the dungeon here.
You have escaped!

#.##.##### #.# #.#
#.##.# ###.# #.#
#.##.#
#...#######.#
#.##.#
##.#.........#
#.##.#
#####...####.....#
#.##.#
#.....#..........#
######
############....>#
##################
#..)..#
#...#..##...#..#8#
###.###
..#...##.##..##..#
#.#
.#.....#.#..#..###
#.#
.##..#..##.####..#
#.#
.##..#..#.#...##.#
#.#
#..#.#.#§.###.#.##
#.#
#...#..#.#.###..#
##.#
......##.##..###.#
#..# ..##..#.##
#... .# #.##


There were no monsters in sight!

Vanquished Creatures
  Cerebov (Pan)
  Antaeus (Coc:7)
  Asmodeus (Geh:7)
  the Royal Jelly (Slime:5)
  Ereshkigal (Tar:7)
  Gloorx Vloq (Pan)
  the Serpent of Hell (Coc:7)
  Mnoleg (Pan)
  Dispater (Dis:7)
  5 dread liches
  Lom Lobon (Pan)
  3 orbs of fire
  2 ancient liches
  4 juggernauts
  5 pandemonium lords (Pan)
  24 royal mummies
  4 Killer Klowns
  Saint Roka (Elf:3)
  Margery (Crypt:1)
  33 shard shrikes
  3 curse toes
  18 caustic shrikes
  Geryon (Hell)
  12 golden dragons
  Nikola (Vaults:1)
  12 bone dragons
  Jory (Depths:3)
  21 profane servitors
  5 Brimstone Fiends
  11 iron giants
  An electric golem (Zot:5)
  17 Tzitzimimeh
  Jorgrun (D:14)
  A spectral shard shrike (Tar:3)
  20 hellephants
  6 doom hounds
  10 Hell Sentinels
  22 Ice Fiends
  2 Orb Guardians (Zot:5)
  34 tainted leviathans
  Rupert (Lair:3)
  A walking frostbound tome (Depths:2)
  12 tentacled monstrosities
  8 liches
  2 deep elf blademasters (Elf:3)
  6 searing wretches
  21 titans
  9 quicksilver dragons
  6 sphinxes
  2 deep elf master archers (Elf:3)
  5 death cobs
  21 acid blobs
  20 tentacled starspawn
  12 shadow dragons
  25 Executioners
  2 tengu reavers
  2 krakens
  9 storm dragons
  16 ancient champions
  2 revenants
  The ghost of Xiaw the Black Belt, an adept DsFi of Gozag (Elf:3)
  Roxanne (Spider:4)
  3 demonspawn warmongers (Pan)
  4 draconian monks
  A nagaraja (Zig:6)
  19 fire giants
  8 rockslimes (Slime:5)
  16 vault wardens
  8 emperor scorpions
  14 azure jellies
  20 narguns
  3 draconian knights
  6 draconian scorchers
  17 frost giants
  2 caustic shrike zombies
  7 deep elf sorcerers
  30 balrugs
  2 angels (Abyss:6)
  4 curse skulls
  5 deep elf elementalists (Elf:3)
  4 ghost moths
  A spectral juggernaut (Tar:4)
  9 iron dragons
  8 shard shrike simulacra
  2 spriggan defenders (Depths:4)
  3 juggernaut zombies
  4 quicksilver elementals
  2 orc warlords
  A spectral caustic shrike (Tar:3)
  18 ironbound preservers
  3 draconian shifters
  35 very ugly things
  7 demonspawn corrupters (Pan)
  5 draconian stormcallers
  5 ironbound thunderhulks
  4 draconian annihilators
  20 cacodemons
  16 quicksilver oozes
  18 ghouls
  2 formless jellyfish (Vaults:1)
  2 ophanim (Abyss:6)
  9 broodmothers
  9 reapers
  20 stone giants
  15 war gargoyles
  23 elemental wellsprings
  15 vampire knights
  6 demonspawn blood saints (Pan)
  3 demonspawn black suns (Pan)
  5 green draconians
  9 yellow draconians
  6 purple draconians
  11 white draconians
  A spectral titan (Tar:5)
  12 black draconians
  10 deep elf annihilators
  Nessos (Lair:5)
  19 putrid mouths
  15 spark wasps
  2 bennus (Tomb:1)
  10 deep elf demonologists
  6 lorocyprocas
  18 wendigos
  14 iron golems
  16 red draconians
  14 green deaths
  4 deep elf death magi
  7 merfolk impalers
  26 eidola
  Josephine (Lair:3)
  4 spectral spriggans
  9 ettins
  15 fire dragons
  11 blizzard demons
  5 crystal guardians
  A spectral quicksilver dragon (Tar:3)
  18 mummy priests
  11 entropy weavers
  4 merfolk javelineers
  20 vault guards
  3 deep elf high priests (Elf:3)
  5 jiangshi
  6 ice dragons
  4 salamander tyrants
  6 caustic shrike simulacra
  An entropy weaver (shapeshifter) (Depths:2)
  3 hell beasts
  10 great orbs of eyes
  15 yaktaur captains
  3 peacekeepers (Vaults:4)
  6 hydras
  2 sphinx zombies
  A spriggan air mage (Depths:4)
  2 alligator snapping turtles
  Harold (Lair:1)
  5 ogre magi
  6 ironbound frosthearts
  17 centaur warriors
  A juggernaut simulacrum (Coc:3)
  6 merfolk avatars
  6 rakshasas
  5 radroaches
  2 merfolk aquamancers (Shoals:4)
  A catoblepas (Lair:5)
  3 deep troll shamans
  8 boulder beetles
  A stoker (Geh:7)
  5 death knights
  14 two-headed ogres
  30 death scarabs
  4 death yaks (Lair:3)
  2 satyrs
  24 dancing weapons
  2 vampire magi
  A naga sharpshooter (Zig:6)
  2 naga warriors (Zig:6)
  3 deep troll earth magi
  12 demonic crawlers
  29 thrashing horrors (Abyss:6)
  A tengu warrior (Depths:4)
  28 hell hogs
  23 soul eaters
  7 spriggan berserkers
  26 hell knights
  An orc high priest (Orc:2)
  A spectral dire elephant (Tar:3)
  4 occultists
  2 deep elf knights (Elf:2)
  A storm dragon zombie (Crypt:3)
  64 sun demons
  16 wretched stars (Abyss:6)
  21 sixfirhies
  9 pharaoh ants
  34 skeletal warriors
  3 spectral anacondas
  A bunyip zombie (Crypt:3)
  3 crystal echidnas
  10 shadow wraiths
  A golden dragon zombie (Crypt:3)
  5 spatial maelstroms (Abyss:6)
  7 skysharks
  A quicksilver dragon simulacrum (Coc:6)
  A sun moth (Spider:3)
  4 iron trolls
  A storm dragon skeleton (Depths:3)
  7 shadow demons
  An iron giant zombie (Crypt:3)
  2 cherubim (Abyss:6)
  2 spark wasp zombies
  3 spriggan druids
  16 sea snakes
  9 flayed ghosts
  A naga ritualist (Zig:6)
  An orange crystal statue (IceCv)
  19 ironbound convokers
  10 arcanists
  40 deep trolls
  A bunyip skeleton (Crypt:1)
  10 glowing orange brains
  A kraken simulacrum (Shoals:4)
  11 orb spiders
  28 phantasmal warriors
  A shadow dragon zombie (Depths:2)
  A fenstrider witch simulacrum (Coc:1)
  16 lindwurms
  3 deep elf archers
  10 orc knights
  20 necromancers
  A mana viper (shapeshifter) (Elf:1)
  15 deep elf zephyrmancers
  2 iron dragon zombies
  29 harpies
  A tengu zombie (Depths:2)
  16 deep elf pyromancers
  9 steelbarb worms
  6 fauns
  2 spectral ettins
  A sphinx simulacrum (Depths:1)
  30 wolf spiders
  5 stone giant zombies
  10 manticores
  6 shining eyes
  A frost giant zombie (Vaults:4)
  5 orc sorcerers
  53 ugly things
  20 cyclopes
  2 fire giant zombies
  22 moths of wrath
  A dire elephant zombie (Crypt:3)
  26 elephants
  3 worldbinders (Abyss:6)
  10 black mambas
  2 ice statues (Coc:7)
  63 large abominations
  5 apocalypse crabs
  24 vault sentinels
  13 merfolk sirens
  2 spectral centaurs (Tar:2)
  2 centaur zombies
  2 water nymphs
  A naga mage (Zig:6)
  3 titan simulacra
  5 eyes of devastation
  33 smoke demons
  A dire elephant skeleton (Pan)
  19 orange demons
  14 cane toads
  6 spectral swamp worms (Tar:7)
  2 centaur skeletons
  3 molten gargoyles (Hell)
  A white draconian zombie (Crypt:2)
  10 torpor snails
  7 rust devils
  3 unseen horrors
  20 rime drakes
  17 hellions
  32 yaktaurs
  A yaktaur (shapeshifter) (Vaults:5)
  3 ice devils
  3 efreet
  13 komodo dragons
  An unseen horror zombie (Crypt:2)
  23 tormentors
  A silent spectre (Tar:5)
  4 spriggan skeletons
  2 anaconda simulacra
  A bunyip simulacrum (Coc:1)
  4 spectral harpies
  4 tengu conjurers
  8 ancient zymes (Abyss:6)
  9 freezing wraiths
  2 red devils (Pan)
  2 harpy zombies
  20 merfolk
  3 trolls
  A hydra zombie (Crypt:3)
  22 guardian mummies
  A polar bear (shapeshifter) (D:14)
  23 polar bears
  A queen bee (shapeshifter) (Elf:1)
  9 hornets
  5 meliai
  22 hellwings
  7 wind drakes
  14 raiju
  A tengu simulacrum (Depths:1)
  A wolf spider simulacrum (D:15)
  4 blink frogs (Lair:3)
  25 tarantellas
  2 ettin zombies (Crypt:3)
  6 spriggan zombies
  8 dream sheep
  A harpy skeleton (Pan)
  3 stone giant simulacra
  7 snapping turtles
  4 iron dragon simulacra
  21 flying skulls
  2 centaur simulacra
  5 glass eyes
  28 culicivoras
  80 slime creatures
  18 spriggans
  13 wraiths
  An air elemental (Elf:2)
  14 ynoxinuls
  20 jumping spiders
  A shadow (Crypt:3)
  2 fire elementals
  A wyvern (shapeshifter) (Depths:2)
  6 small abominations (Abyss:6)
  12 ushabtiu
  11 water elementals
  4 wyverns
  80 yaks
  3 basilisks
  A human (D:11)
  A dire elephant simulacrum (Coc:1)
  29 neqoxecs
  49 redbacks
  61 starcursed masses (Abyss:6)
  14 golden eyes
  5 steam dragons
  A vampire mosquito (D:10)
  Menkaure (Ossuary)
  12 chaos spawn (Pan)
  A glowing shapeshifter zombie (Depths:2)
  6 wargs
  6 acid dragons
  3 hydra simulacra
  A naga (shapeshifter) (Vaults:5)
  A spatial vortex (Abyss:6)
  9 harpy simulacra
  Duvessa (D:5)
  A naga skeleton (Pan)
  9 water moccasins
  An ice beast (D:7)
  2 glowing shapeshifter skeletons
  A hornet zombie (D:15)
  3 ettin simulacra
  14 orc warriors
  8 spriggan simulacra
  A swamp drake (D:8)
  4 black bears
  31 ogres
  5 boggarts
  3 centaurs
  50 wolves
  2 phantoms
  A manticore skeleton (Crypt:2)
  2 kobold brigands (D:10)
  A vine stalker zombie (Crypt:1)
  14 bullfrogs
  An elf skeleton (D:8)
  4 scorpions
  A naga simulacrum (Coc:4)
  A glowing shapeshifter simulacrum (Depths:3)
  A gnoll sergeant (D:10)
  An earth elemental (Elf:3)
  A cyclops zombie (Orc:1)
  16 necrophages
  5 wyvern skeletons (Crypt:3)
  A water moccasin skeleton (Crypt:1)
  4 wights (D:9)
  Dowan (D:5)
  4 killer bees (D:9)
  A killer bee (shapeshifter) (Vaults:2)
  A shapeshifter skeleton (Crypt:1)
  4 howler monkeys
  7 electric eels
  A crimson imp (Pan)
  3 human zombies
  A jelly (D:4)
  3 hounds
  A hound (shapeshifter) (Vaults:5)
  A jelly (shapeshifter) (D:13)
  16 orc priests
  Jessica (D:2)
  2 human skeletons (D:8)
  Ijyb (D:4)
  2 iguanas
  15 orc wizards
  A boggart zombie (D:15)
  An acid dragon zombie (Crypt:1)
  A tengu skeleton (Crypt:1)
  2 human simulacra (D:13)
  25 mummies
  9 gnolls
  12 adders
  2 shadow imps
  A white imp (D:6)
  2 ufetubi (D:7)
  A jelly zombie (Crypt:1)
  2 worms
  A dart slug (D:4)
  2 orcs (shapeshifter)
  61 orcs
  12 endoplasms
  4 giant cockroaches
  7 goblins
  9 hobgoblins
  A kobold (shapeshifter) (Vaults:5)
  7 quokkas
  2 ball pythons
  2 bats
  4 frilled lizards (D:3)
  10 gnoll skeletons (Ossuary)
  7 gnoll zombies (Ossuary)
  A goblin skeleton (Ossuary)
  4 goblin zombies (Ossuary)
  3 hobgoblin skeletons (Ossuary)
  A jackal skeleton (Crypt:1)
  9 kobolds
  4 kobold skeletons
  5 kobold zombies (Ossuary)
  4 orc skeletons
  3 orc zombies (Ossuary)
  3 rats
  6 rat skeletons (Ossuary)
  6 rat zombies (Ossuary)
  A ball lightning (Pan)
  3 creeping infernos
  5 fire vortices
  2 lurking horrors (Abyss:6)
  11 starspawn tentacles (Abyss:6)
  2 tentacles (Shoals:1)
3839 creatures vanquished.

Vanquished Creatures (collateral kills)
  2 dread liches (Zot:5)
  An orb of fire (Zot:5)
  A Killer Klown (Zot:5)
  A caustic shrike (Dis:7)
  An iron giant (Dis:7)
  A hellephant (Geh:4)
  An electric golem (Zot:5)
  A Hell Sentinel (Dis:7)
  13 Orb Guardians (Zot:5)
  2 tentacled monstrosities (Zot:5)
  A searing wretch (Geh:3)
  A titan (Vaults:5)
  2 sphinxes (Vaults:5)
  A tengu reaver (Vaults:5)
  7 ancient champions (Dis:7)
  A frost giant (Vaults:5)
  3 iron dragons (Dis:7)
  3 quicksilver elementals (Dis:7)
  2 draconian scorchers (Zot:5)
  A ghost moth (Zot:5)
  A draconian knight (Zot:5)
  2 draconian annihilators (Zot:5)
  A draconian stormcaller (Zot:5)
  6 war gargoyles
  A green draconian (Zot:5)
  A black draconian (Zot:5)
  A white draconian (Zot:5)
  A bennu (Tomb:3)
  A yellow draconian (Zot:5)
  2 red draconians (Zot:5)
  A purple draconian (Zot:5)
  2 ettins (Vaults:5)
  3 mummy priests
  A green death (Zot:5)
  A great orb of eyes (Vaults:5)
  4 vault guards (Vaults:5)
  2 yaktaur captains (Vaults:5)
  An ogre mage (Vaults:5)
  10 death scarabs (Tomb:3)
  A demonic crawler (Zot:5)
  3 dancing weapons (Dis:7)
  3 hell hogs
  A soul eater (Pan)
  A skeletal warrior (Tomb:2)
  An anaconda skeleton (Tomb:2)
  3 moths of wrath (Zot:5)
  A hellion (Geh:7)
  A freezing wraith (Vaults:5)
  11 guardian mummies
  4 flying skulls
  6 ushabtiu
  A ynoxinul (Pan)
  2 neqoxecs (Pan)
  A chaos spawn (Pan)
  A swamp worm (shapeshifter) (Vaults:5)
  8 mummies
  A kobold (shapeshifter) (Vaults:5)
  A rat (shapeshifter) (Vaults:5)
139 creatures vanquished.

Vanquished Creatures (others)
  A juggernaut (Dis:7)
  8 royal mummies
  A Killer Klown (Zot:5)
  3 iron giants (Dis:7)
  A Brimstone Fiend (Geh:7)
  A tentacled monstrosity (Vaults:5)
  5 Hell Sentinels (Dis:7)
  A titan (Vaults:5)
  7 Orb Guardians (Zot:5)
  6 searing wretches
  An eldritch tentacle (Pan)
  4 ancient champions (Dis:7)
  3 tengu reavers (Vaults:5)
  A storm dragon (Vaults:5)
  A revenant (Tomb:3)
  A fire giant (Vaults:5)
  2 balrugs (Geh:7)
  A quicksilver elemental (Dis:7)
  A vault warden (Vaults:5)
  A shard shrike simulacrum (Coc:7)
  An angel (Abyss:6)
  2 draconian stormcallers (Zot:5)
  A draconian annihilator (Zot:5)
  A war gargoyle (Dis:7)
  A green draconian (Zot:5)
  A stone giant (Vaults:5)
  2 yellow draconians (Zot:5)
  A bennu (Tomb:3)
  A white draconian (Zot:5)
  A red draconian (Zot:5)
  A deep elf annihilator (Vaults:5)
  13 mummy priests
  2 ettins (Vaults:5)
  2 yaktaur captains (Vaults:5)
  14 vault guards (Vaults:5)
  2 caustic shrike simulacra (Coc:7)
  A quicksilver dragon skeleton (Tomb:3)
  A merfolk avatar (Shoals:4)
  2 juggernaut simulacra (Coc:7)
  2 ogre magi (Vaults:5)
  13 death scarabs
  2 deep troll earth magi (Vaults:5)
  2 dancing weapons (Dis:7)
  3 hell hogs
  A sun demon (Hell)
  A skeletal warrior (Tomb:2)
  A sixfirhy (Pan)
  An ironbound convoker (Vaults:5)
  2 phantasmal warriors (Vaults:5)
  A spriggan simulacrum (Coc:4)
  A moth of wrath (Zot:5)
  2 hellions (Geh:7)
  A vault sentinel (Vaults:5)
  A storm dragon simulacrum (Coc:1)
  A large abomination (Abyss:6)
  A freezing wraith (Vaults:5)
  A tormentor (Dis:7)
  A yaktaur (Vaults:5)
  A tengu conjurer (Depths:4)
  An anaconda simulacrum (Coc:7)
  13 guardian mummies
  An iron giant simulacrum (Coc:7)
  A stone giant simulacrum (Coc:4)
  2 raiju (Abyss:6)
  2 flying skulls (Tomb:3)
  2 dire elephant simulacra
  A fire bat (Pan)
  5 ushabtiu
  2 golden eyes (Pan)
  A chaos spawn (Abyss:6)
  5 harpy simulacra
  2 ettin simulacra
  A naga simulacrum (Coc:3)
  A hound (shapeshifter) (Vaults:5)
  11 mummies
  An orc (D:11)
  2 ball lightnings (Pan)
  6 creeping infernos
  A fire vortex (Geh:3)
  2 lurking horrors (Abyss:6)
  A spectral weapon (Vaults:5)
  58 starspawn tentacles
  8 tentacles
269 creatures vanquished.

Grand Total: 4247 creatures vanquished

Notes
Turn   | Place    | Note
-------+----------+-------------------------------------------
     0 | D:1      | Kearsarge the Draconian Fighter began the quest for the
                  | Orb.
     0 | D:1      | Reached XP level 1. HP: 19/19 MP: 1/1
   374 | D:1      | Found a faded altar of an unknown god.
   500 | D:1      | Reached XP level 2. HP: 23/26 MP: 2/2
   816 | D:2      | Noticed Jessica
   836 | D:2      | Killed Jessica
   837 | D:2      | Reached skill level 1 in Shapeshifting
   837 | D:2      | Reached XP level 3. HP: 28/31 MP: 3/3
  1291 | D:2      | Reached XP level 4. HP: 38/38 MP: 4/4
  1937 | D:3      | Found a large runed translucent door.
  1937 | D:3      | Found a large runed translucent door.
  1985 | D:3      | Noticed Boogie's ghost (amateur DsNe)
  2136 | D:3      | Found a radiant altar of Vehumet.
  2283 | D:4      | Reached XP level 5. HP: 34/46 MP: 5/5
  2459 | D:4      | Found a staircase to the Ecumenical Temple.
  2466 | Temple   | Entered the Ecumenical Temple
  2484 | Temple   | Became a worshipper of Gozag Ym Sagoz the Greedy
  2617 | D:4      | Noticed Ijyb
  2630 | D:4      | Killed Ijyb
  2867 | D:4      | Reached XP level 6. HP: 34/53 MP: 6/6
  2988 | D:4      | Found a hazy altar of Hepliaklqana.
  3173 | D:4      | Reached skill level 5 in Fighting
  3396 | D:5      | Entered Level 5 of the Dungeon
  3572 | D:5      | Reached skill level 5 in Shapeshifting
  3572 | D:5      | Your scales start taking on a pale cyan-grey colour.
  3572 | D:5      | Reached XP level 7. HP: 44/61 MP: 7/7
  3572 | D:5      | Gained mutation: You are immune to the effects of steam.
                  | [Pale Draconian growth]
  4236 | D:5      | Noticed Duvessa
  4236 | D:5      | Noticed Dowan
  4250 | D:5      | Killed Duvessa
  4251 | D:5      | Reached skill level 5 in Unarmed Combat
  4251 | D:5      | Reached XP level 8. HP: 56/68 MP: 8/8
  4251 | D:5      | Killed Dowan
  4900 | D:6      | Reached XP level 9. HP: 79/79 MP: 9/9
  5014 | D:6      | Found Tahotheu's Jewellery Shop.
  5047 | D:6      | Bought an amulet of regeneration for 390 gold pieces
  5259 | D:6      | Identified a scroll of acquirement
  5281 | D:6      | Acquired the +2 shield of Resistance {rF++ rC++ Will++}
  5281 | D:6      | Found the +2 shield of Resistance {rF++ rC++ Will++}
  5516 | D:7      | Identified the +7 arbalest of the Blessed Realm {freeze,
                  | rElec Will+++ rCorr Int-4}
  6236 | D:8      | Acquired 707 gold pieces
  6323 | D:8      | Found a sand-covered staircase.
  6345 | Ossuary  | Entered an ossuary
  6767 | Ossuary  | Noticed Menkaure
  6772 | Ossuary  | Killed Menkaure
  6849 | Ossuary  | Reached skill level 10 in Shields
  6849 | Ossuary  | Reached XP level 10. HP: 89/89 MP: 10/10
  6850 | Ossuary  | Reached XP level 11. HP: 95/95 MP: 11/11
  7004 | D:8      | Reached skill level 10 in Unarmed Combat
  7042 | D:8      | You fall into a shaft and drop 1 floor!
  7338 | D:8      | Found a staircase to the Lair.
  7473 | D:8      | Bought the amulet of the Sun {Spirit Contam rPois Regen+}
                  | for 462 gold pieces
  7796 | D:9      | Found a runed translucent door.
  7802 | D:9      | Noticed oops's ghost (novice OpSh)
  7831 | D:9      | Noticed a fire dragon
  7844 | D:9      | Killed a fire dragon
  7845 | D:9      | Reached XP level 12. HP: 82/104 MP: 9/12
  8205 | D:9      | Found a glowing golden altar of the Shining One.
  8309 | D:9      | Identified the +8 trident of Valour {heavy, +Blink rC-
                  | rCorr Int+4}
  8334 | D:10     | Entered Level 10 of the Dungeon
  8598 | D:10     | Noticed a centaur warrior
  8620 | D:10     | Killed a centaur warrior
  9474 | D:11     | Found a staircase to the Orcish Mines.
  9741 | D:11     | Noticed a two-headed ogre
  9765 | D:11     | Killed a two-headed ogre
 10894 | Orc:1    | Entered Level 1 of the Orcish Mines
 11203 | Orc:1    | Reached skill level 10 in Shapeshifting
 11255 | Orc:1    | Reached XP level 13. HP: 65/113 MP: 7/13
 11562 | Orc:1    | Noticed an ettin
 11603 | Orc:1    | Killed an ettin
 11728 | Orc:1    | Got the Vellum of Grit
 11865 | Orc:1    | Noticed a frost giant
 11899 | Orc:1    | Noticed an ettin
 11926 | Orc:1    | Killed a frost giant
 11931 | Orc:1    | Killed an ettin
 11990 | Orc:1    | Identified the +4 flail of Dithmenos, Hungering {freeze,
                  | *Rage rN++}
 11993 | Orc:1    | Identified the +4 giant club of Dominance {freeze, rF+}
 12231 | Orc:2    | Entered Level 2 of the Orcish Mines
 12259 | Orc:2    | Found a staircase to the Elven Halls.
 12345 | Orc:1    | Found Wierexto's Jewellery Boutique.
 12813 | Orc:2    | Noticed an orc warlord
 12827 | Orc:2    | Killed an orc warlord
 13132 | Orc:2    | Reached XP level 14. HP: 83/119 MP: 8/14
 13170 | Orc:2    | Found Xuomnufi's Antique Armour Boutique.
 13170 | Orc:2    | Found Udgheyja's Antique Weapon Emporium.
 13175 | Orc:2    | Reached skill level 15 in Shapeshifting
 13195 | Orc:2    | Found Xiheben's Armour Emporium.
 13195 | Orc:2    | Found Peisaed's Assorted Antiques.
 13262 | Orc:2    | Bought a scroll of fear for 156 gold pieces
 13264 | Orc:2    | Bought a pair of polished boots for 323 gold pieces
 13264 | Orc:2    | Identified the +0 pair of boots of the Arena {Str+6} (You
                  | bought it in a shop on level 2 of the Orcish Mines)
 13614 | D:8      | Bought the granite talisman of Qowi {*Slow +Blink Fly rN+
                  | Int+3} for 2294 gold pieces
 13691 | Lair:1   | Entered Level 1 of the Lair of Beasts
 14014 | Lair:1   | Noticed Harold
 14025 | Lair:1   | Killed Harold
 14682 | Lair:2   | Reached skill level 10 in Fighting
 15251 | Lair:2   | Found a staircase to the Shoals.
 15319 | Lair:2   | You are sucked into a shaft and drop 2 floors!
 15338 | Lair:3   | Found a hole to the Spider Nest.
 15581 | Lair:3   | Bought a scroll labelled BUKLEN YCYI for 34 gold pieces
 15581 | Lair:3   | Bought a scroll of identify for 68 gold pieces
 15762 | Lair:3   | Noticed Josephine
 15767 | Lair:3   | Killed Josephine
 15768 | Lair:3   | Reached XP level 15. HP: 128/128 MP: 15/15
 15768 | Lair:3   | Noticed Rupert
 15773 | Lair:3   | Killed Rupert
 15942 | Lair:3   | Bought a smoking bone ring for 155 gold pieces
 15942 | Lair:3   | Identified the ring "Otumm" {Wiz rN+} (You bought it in a
                  | shop on level 3 of the Lair of Beasts)
 15942 | Lair:3   | Bought a potion of haste for 310 gold pieces
 16882 | Lair:5   | Entered Level 5 of the Lair of Beasts
 17224 | Lair:5   | Noticed Nessos
 17234 | Lair:5   | Killed Nessos
 17354 | Lair:5   | Reached skill level 15 in Unarmed Combat
 17628 | Lair:5   | Identified the +4 ring mail of Peek-a-Boo {Dex+7 Stlth-}
 17927 | Lair:5   | Found a staircase to the Slime Pits.
 18500 | D:13     | Found a portal to a secret trove of treasure.
 19063 | D:14     | Reached XP level 16. HP: 141/141 MP: 13/16
 19242 | D:14     | Noticed Jorgrun
 19253 | D:14     | Killed Jorgrun
 19415 | D:14     | Reached skill level 15 in Shields
 19557 | D:14     | Found a gate to the Vaults.
 19828 | D:14     | Found Dar Qyoll's Tremendous Tomes.
 19966 | D:15     | Entered Level 15 of the Dungeon
 19968 | D:15     | Found Watiox's Weapon Shop.
 20207 | D:15     | Found a runed translucent gate.
 20208 | D:15     | Found a runed translucent gate.
 20208 | D:15     | Noticed Tumatom's ghost (adept MiAK)
 20209 | D:15     | Found a runed translucent gate.
 20209 | D:15     | Noticed a tengu reaver
 20820 | D:15     | Found a staircase to the Depths.
 21128 | Elf:1    | Entered Level 1 of the Elven Halls
 22323 | Elf:2    | Found a runed translucent gate.
 22323 | Elf:2    | Found a runed translucent gate.
 22323 | Elf:2    | Found a runed translucent gate.
 22431 | Elf:2    | Paralysed by an air elemental for 1 turns
 22634 | Elf:2    | Acquired 607 gold pieces
 22824 | Elf:3    | Entered Level 3 of the Elven Halls
 22869 | Elf:3    | Reached XP level 17. HP: 154/154 MP: 15/17
 22933 | Elf:3    | Found a shimmering blue altar of Sif Muna.
 23040 | Elf:3    | Noticed Saint Roka
 23045 | Elf:3    | Reached skill level 15 in Fighting
 23068 | Elf:3    | Killed Saint Roka
 23110 | Elf:3    | Identified the +8 war axe "Viruorym" {freeze, Str+3}
 23115 | Elf:3    | Found a runed translucent door.
 23115 | Elf:3    | Noticed Xiaw's ghost (adept DsFi)
 23137 | Elf:3    | Killed Xiaw's ghost
 23140 | Elf:3    | Identified the ring "Qeadd" {rPois MP+9 Str+3 Int+6 Slay-5}
 23225 | Elf:3    | Noticed a deep elf blademaster
 23229 | Elf:3    | Killed a deep elf blademaster
 23235 | Elf:3    | Noticed a deep elf blademaster
 23241 | Elf:3    | Killed a deep elf blademaster
 23316 | Elf:3    | Noticed a deep elf master archer
 23318 | Elf:3    | Noticed a deep elf master archer
 23330 | Elf:3    | Killed a deep elf master archer
 23333 | Elf:3    | Killed a deep elf master archer
 23436 | Elf:3    | Gained mutation: Your spells are a little easier to cast,
                  | but a little less powerful. [a cacodemon]
 23438 | Elf:3    | Noticed a Tzitzimitl
 23577 | Elf:3    | Identified the +8 spear of Fragile Peace {protect, Drain
                  | rPois rN+ Str+4}
 23605 | Elf:3    | Noticed a Tzitzimitl
 23848 | Elf:3    | Got the Compilation of Attendants
 23906 | Elf:3    | Got Yqofissi's Opusculum on Arson and Silt
 23913 | Elf:3    | Identified the +7 plate armour of Tomorrow {*Slow rN+ Dex+5
                  | Stlth-}
 23933 | Elf:3    | Found the ring of Shadows {Umbra +Inv Stlth+}
 23951 | Elf:3    | Got The Fundamentals of Wizarding
 23953 | Elf:3    | Identified the +0 war axe of the Several People {pain, rC+}
 24275 | Spider:1 | Entered Level 1 of the Spider Nest
 24726 | Spider:1 | Bought a scroll of teleportation for 51 gold pieces
 24726 | Spider:1 | Bought a scroll of teleportation for 51 gold pieces
 24726 | Spider:1 | Bought a scroll of teleportation for 51 gold pieces
 24830 | Spider:1 | Got Cuzoklul's Precepts of Mana
 24962 | Spider:1 | Identified the +6 battleaxe of Glory {heavy, Drain rCorr
                  | SInv}
 25735 | Spider:2 | Reached XP level 18. HP: 170/170 MP: 18/18
 26240 | Spider:3 | Found a frozen archway.
 26255 | IceCv    | Entered an ice cave
 27592 | Spider:4 | Entered Level 4 of the Spider Nest
 27783 | Spider:4 | Noticed Roxanne
 28110 | Spider:4 | Killed Roxanne
 28391 | Spider:4 | Reached XP level 19. HP: 177/177 MP: 15/19
 28821 | Spider:4 | Identified the +1 hat of Tuxeutef {Dex+2}
 28828 | Spider:4 | Got a gossamer rune of Zot
 29072 | Shoals:1 | Entered Level 1 of the Shoals
 29572 | Shoals:1 | Found a runed translucent door.
 29579 | Shoals:1 | Found a corrupted altar of Lugonu.
 29581 | Shoals:1 | Found a one-way gate to the infinite horrors of the Abyss.
 30081 | Shoals:2 | Found Ufymyune's Overcharged Wands.
 30959 | Shoals:3 | Found Nugunodo's Jewellery Shoppe.
 31187 | Shoals:4 | Entered Level 4 of the Shoals
 31247 | Shoals:4 | Found Loaturio's Vocational Training.
 31436 | Shoals:4 | Found a transporter.
 31494 | Shoals:4 | Identified the +2 cloak "Waocleg" {Harm rPois}
 31533 | Shoals:4 | Found a transporter.
 31534 | Shoals:4 | Found Biashr Qeyg's Antique Weapon Shop.
 31827 | Shoals:4 | Reached XP level 20. HP: 184/184 MP: 16/20
 31843 | Shoals:4 | Got a barnacled rune of Zot
 31935 | Shoals:4 | Identified the +0 great sword of the Badger {spect, *Noise
                  | rElec Str+7 Int-4}
 32489 | Vaults:1 | Entered Level 1 of the Vaults
 32678 | Vaults:1 | Bought a +2 cloak of preservation for 279 gold pieces
 32704 | Vaults:1 | Noticed Nikola
 32722 | Vaults:1 | Killed Nikola
 33976 | Vaults:2 | Found Anto's Weapon Boutique.
 34007 | Vaults:2 | Found Degeer's Weapon Shop.
 34523 | Vaults:2 | Found a staircase to the Crypt.
 34977 | Vaults:3 | Reached XP level 21. HP: 191/191 MP: 21/21
 36109 | Vaults:4 | Noticed a dread lich
 36120 | Vaults:4 | Killed a dread lich
 36149 | Vaults:4 | Noticed an ancient lich
 36162 | Vaults:4 | Killed an ancient lich
 36816 | Vaults:4 | Found Nipaklu's Antique Weapon Boutique.
 37307 | Vaults:4 | Got Niromm's Dissertation on Limned Shades
 37388 | Vaults:4 | Identified the +0 scale mail "Neac Vua" {Drain Slay+5}
 37434 | Vaults:5 | Entered Level 5 of the Vaults
 37444 | Vaults:5 | Identified the +11 war axe of the Evening {pain, +Blink
                  | rPois rN++ Str-2}
 37470 | Vaults:5 | Noticed a golden dragon
 37475 | Vaults:5 | Killed a golden dragon
 37487 | Vaults:5 | Noticed a golden dragon
 37497 | Vaults:5 | Killed a golden dragon
 37498 | Vaults:5 | Reached XP level 22. HP: 204/204 MP: 16/22
 37507 | Vaults:5 | Noticed a dread lich
 37511 | Vaults:5 | Identified the ring of Gioponn {rN+ EV+5}
 37511 | Vaults:5 | Identified the +4 battleaxe "Yppiw" {heavy, Dex+2 SInv}
 37521 | Vaults:5 | Killed a dread lich
 37617 | Vaults:5 | Identified the +6 dagger of Gufix {flame, rC- rCorr Str+3
                  | Dex+3}
 37621 | Vaults:5 | Noticed an ancient lich
 37672 | Vaults:5 | Got Kamaf's Precepts of Cynicism
 38010 | Vaults:5 | Got a silver rune of Zot
 38033 | Vaults:5 | Identified the staff "Apnia" {+Blink rPois rF+ rC+ Stlth+
                  | Fire}
 38716 | D:13     | You paid a toll of 13 scrolls of teleportation to enter a
                  | treasure trove
 38717 | Trove    | Entered a treasure trove
 38777 | Trove    | Identified the ring of Riserch {rElec rN+ Str-2 Int+6
                  | Dex+8}
 38780 | Trove    | Got the Notes on Cold
 38786 | Trove    | Identified the ring "Mapra" {AC+4 Int+3}
 38810 | Trove    | Got the Verses on the Called Summer
 38938 | Depths:1 | Entered Level 1 of the Depths
 39196 | Depths:1 | Found a gateway to Hell.
 39402 | Depths:1 | Found Duow's Self-Improvement Boutique.
 39405 | Depths:1 | Identified the +1 robe "Bah Byko" {rCorr}
 39517 | Depths:1 | Bought a manual of Dodging for 800 gold pieces
 39517 | Depths:1 | Bought a manual of Unarmed Combat for 800 gold pieces
 39546 | Depths:1 | Got the Grimoire of the Wasteland
 39951 | Depths:2 | Found the +9 staff of Olgreb {rPois∞}
 39956 | Depths:2 | Identified the ring of Gymymn {Wiz rC+ rN+ rCorr Stlth-}
 40095 | Depths:2 | Found a one-way gate leading to the halls of Pandemonium.
 40102 | Depths:2 | Noticed a caustic shrike
 40109 | Depths:2 | Noticed a caustic shrike
 40111 | Depths:2 | Killed a caustic shrike
 40121 | Depths:2 | Killed a caustic shrike
 40284 | Depths:2 | Found Jeloif's Magic Scroll Emporium.
 40301 | Depths:2 | Noticed an ancient lich
 40307 | Depths:2 | Killed an ancient lich
 40308 | Depths:2 | Reached XP level 23. HP: 216/216 MP: 20/23
 40312 | Depths:2 | Reached skill level 10 in Dodging
 40426 | Depths:2 | Bought a scroll of revelation for 150 gold pieces
 40426 | Depths:2 | Bought a scroll of teleportation for 60 gold pieces
 40426 | Depths:2 | Bought a scroll of revelation for 150 gold pieces
 40426 | Depths:2 | Bought a scroll of teleportation for 60 gold pieces
 40457 | Depths:2 | Got the Discourse on the Autopsy
 40811 | Depths:2 | Identified the +0 flail of Fate {drain, rPois rF+ rN++}
 40816 | Depths:2 | Found a hazy altar of Hepliaklqana.
 40816 | Depths:2 | Found the +10 morningstar "Eos" {elec, Halo rElec}
 40867 | Depths:2 | Acquired 1160 gold pieces
 40869 | Depths:2 | Acquired 430 gold pieces
 41177 | Depths:3 | Gained mutation: You sometimes lose your temper in combat.
                  | [a shining eye]
 41180 | Depths:3 | Gained mutation: You are weak. (Str -2) [a shining eye]
 41181 | Depths:3 | Gained mutation: You are clumsy. (Dex -2) [a shining eye]
 41205 | Depths:3 | Lost mutation: You are weak. (Str -2) [potion of mutation]
 41205 | Depths:3 | Lost mutation: You are clumsy. (Dex -2) [potion of
                  | mutation]
 41205 | Depths:3 | Lost mutation: Your spells are a little easier to cast, but
                  | a little less powerful. [potion of mutation]
 41205 | Depths:3 | Gained mutation: Your magical capacity is low. (-10% MP)
                  | [potion of mutation]
 41205 | Depths:3 | Gained mutation: Your system is resistant to poisons.
                  | (rPois) [potion of mutation]
 41205 | Depths:3 | Gained mutation: Your spells are a little easier to cast,
                  | but a little less powerful. [potion of mutation]
 41205 | Depths:3 | Gained mutation: You expend magic power (3 MP) to
                  | strengthen your wands. [potion of mutation]
 41206 | Depths:3 | Lost mutation: You sometimes lose your temper in combat.
                  | [potion of mutation]
 41206 | Depths:3 | Lost mutation: You expend magic power (3 MP) to strengthen
                  | your wands. [potion of mutation]
 41432 | Depths:3 | Noticed Jory
 41446 | Depths:3 | Killed Jory
 41455 | Depths:3 | Found a one-way gateway to a ziggurat.
 41460 | Depths:3 | Noticed a caustic shrike
 41467 | Depths:3 | Killed a caustic shrike
 41476 | Depths:3 | Noticed a caustic shrike
 41477 | Zig:1    | Entered Level 1 of a ziggurat
 41493 | Zig:2    | Entered Level 2 of a ziggurat
 41514 | Zig:3    | Entered Level 3 of a ziggurat
 41514 | Zig:3    | Noticed a royal mummy
 41520 | Zig:3    | Killed a royal mummy
 41544 | Zig:4    | Entered Level 4 of a ziggurat
 41549 | Zig:4    | Gained mutation: You have hidden genetic defects. [a
                  | shining eye]
 41550 | Zig:4    | Gained mutation: You are weak. (Str -2) [a shining eye]
 41553 | Zig:4    | Gained mutation: You occasionally shout uncontrollably at
                  | your foes. [a shining eye]
 41559 | Zig:4    | Lost mutation: You have hidden genetic defects. [potion of
                  | mutation]
 41559 | Zig:4    | Lost mutation: Your system is resistant to poisons. (rPois)
                  | [potion of mutation]
 41559 | Zig:4    | Lost mutation: Your spells are a little easier to cast, but
                  | a little less powerful. [potion of mutation]
 41559 | Zig:4    | Gained mutation: Your tail ends in a venomous barb. [potion
                  | of mutation]
 41559 | Zig:4    | Gained mutation: Your natural rate of healing is unusually
                  | fast. [potion of mutation]
 41581 | Zig:5    | Entered Level 5 of a ziggurat
 41686 | Zig:5    | Got the Octavo of Composition
 41706 | Zig:5    | Reached XP level 24. HP: 225/225 MP: 20/20
 41715 | Zig:6    | Entered Level 6 of a ziggurat
 41767 | Zig:6    | Identified the +1 rapier "Tooxanixio" {freeze, rPois Dex+7}
 41869 | Depths:4 | Entered Level 4 of the Depths
 41892 | Depths:4 | Noticed a juggernaut
 41896 | Depths:4 | Killed a juggernaut
 42056 | Depths:4 | Reached skill level 15 in Dodging
 42211 | Depths:4 | Reached XP level 25. HP: 233/233 MP: 10/20
 42471 | Depths:4 | Identified the +1 war axe "Ecinaa" {venom, rPois Will+
                  | Dex+2 SInv}
 42551 | Depths:4 | Found a gate to the Realm of Zot.
 42628 | Depths:4 | Found a candlelit altar of Ignis.
 42918 | Depths:4 | Found Lutin's General Store.
 42941 | Depths:4 | Bought a potion of might for 84 gold pieces
 42999 | Depths:3 | Identified the +0 robe of the Farmer {rElec Dex+3}
 43358 | Slime:1  | Entered Level 1 of the Pits of Slime
 43367 | Slime:1  | Gained mutation: You are vulnerable to cold. (rC-) [a
                  | shining eye]
 43370 | Slime:1  | Gained mutation: You frequently scream uncontrollably at
                  | your foes. [a shining eye]
 43439 | Slime:1  | Lost mutation: Your natural rate of healing is unusually
                  | fast. [potion of mutation]
 43439 | Slime:1  | Lost mutation: You are vulnerable to cold. (rC-) [potion of
                  | mutation]
 43439 | Slime:1  | Gained mutation: You occasionally lose the ability to read
                  | scrolls when taking damage. [potion of mutation]
 43439 | Slime:1  | Gained mutation: You are robust. (+10% HP) [potion of
                  | mutation]
 43440 | Slime:1  | Lost mutation: You occasionally lose the ability to read
                  | scrolls when taking damage. [potion of mutation]
 43440 | Slime:1  | Lost mutation: You frequently scream uncontrollably at your
                  | foes. [potion of mutation]
 43440 | Slime:1  | Lost mutation: Your magical capacity is low. (-10% MP)
                  | [potion of mutation]
 43440 | Slime:1  | Gained mutation: You expend magic power (3 MP) to
                  | strengthen your wands. [potion of mutation]
 43546 | Slime:5  | Entered Level 5 of the Pits of Slime
 43659 | Slime:5  | Noticed the Royal Jelly
 43699 | Slime:5  | Killed the Royal Jelly
 44077 | Slime:5  | Found the amulet of Vitality {RegenMP++ Regen++}
 44101 | Slime:5  | Gained mutation: You occasionally lose the ability to drink
                  | potions when taking damage. [mutagenic glow]
 44146 | Slime:5  | Got a slimy rune of Zot
 44181 | Slime:5  | Identified the +7 long sword of Alael {heavy, Dex+2}
 44184 | Slime:5  | Identified the +9 spear of the Head {drain, rC- rN+++ Int+3
                  | Stlth+}
 44199 | Slime:5  | Lost mutation: You are robust. (+10% HP) [potion of
                  | mutation]
 44199 | Slime:5  | Lost mutation: You occasionally shout uncontrollably at
                  | your foes. [potion of mutation]
 44199 | Slime:5  | Lost mutation: You are weak. (Str -2) [potion of mutation]
 44199 | Slime:5  | Gained mutation: You have a pair of small horns on your
                  | head. [potion of mutation]
 44200 | Slime:5  | Lost mutation: Your tail ends in a venomous barb. [potion
                  | of mutation]
 44200 | Slime:5  | Lost mutation: You expend magic power (3 MP) to strengthen
                  | your wands. [potion of mutation]
 44200 | Slime:5  | Lost mutation: You have a pair of small horns on your head.
                  | [potion of mutation]
 44200 | Slime:5  | Gained mutation: You have a somewhat thin skeletal
                  | structure. (Dex +2, Stealth+) [potion of mutation]
 44200 | Slime:5  | Gained mutation: You have hidden genetic defects. [potion
                  | of mutation]
 44201 | Slime:5  | Lost mutation: You have a somewhat thin skeletal structure.
                  | (Dex +2, Stealth+) [potion of mutation]
 44201 | Slime:5  | Lost mutation: You occasionally lose the ability to drink
                  | potions when taking damage. [potion of mutation]
 44201 | Slime:5  | Lost mutation: You have hidden genetic defects. [potion of
                  | mutation]
 44201 | Slime:5  | Gained mutation: Your tail ends in a venomous barb. [potion
                  | of mutation]
 44201 | Slime:5  | Lost mutation: Your tail ends in a venomous barb. [potion
                  | of mutation]
 44617 | Crypt:1  | Entered Level 1 of the Crypt
 44968 | Crypt:1  | Noticed Margery
 44976 | Crypt:1  | Killed Margery
 45480 | Crypt:2  | Reached XP level 26. HP: 240/240 MP: 23/23
 45695 | Crypt:3  | Entered Level 3 of the Crypt
 46383 | Crypt:3  | Identified the ring "Xuck" {rElec rN+ Str+4 Stlth+}
 46383 | Crypt:3  | Identified the amulet of Discord {rF+ rN+ Regen+}
 46383 | Crypt:3  | Identified the ring "Wal Uptylai" {*Slow rElec rN+ Str+3
                  | Stlth+}
 46467 | Crypt:3  | Found a basalt altar of Yredelemnul.
 46654 | Crypt:3  | Identified the +4 plate armour "Anaosacw" {Rampage rN+
                  | Will+}
 46655 | Crypt:3  | Identified the +0 short sword of Puulyl {chaos, rF+ rC+}
 46881 | Crypt:3  | Found a staircase to the Tomb.
 47003 | Tomb:1   | Entered Level 1 of the Tomb of the Ancients
 47340 | Tomb:1   | Identified the +8 quarterstaff "Latt" {freeze, Dex+4}
 47525 | Tomb:1   | Noticed a royal mummy
 47525 | Tomb:1   | Noticed a royal mummy
 47544 | Tomb:1   | Killed a royal mummy
 47545 | Tomb:1   | Noticed a royal mummy
 47554 | Tomb:1   | Killed a royal mummy
 47666 | Tomb:1   | Killed a royal mummy
 48010 | Tomb:2   | Noticed a royal mummy
 48016 | Tomb:2   | Killed a royal mummy
 48020 | Tomb:2   | Killed a royal mummy
 48024 | Tomb:2   | Noticed a royal mummy
 48084 | Tomb:2   | Killed a royal mummy
 48264 | Tomb:2   | Noticed a royal mummy
 48407 | Tomb:1   | Noticed a royal mummy
 48407 | Tomb:1   | Noticed a royal mummy
 48414 | Tomb:1   | Noticed a royal mummy
 48414 | Tomb:1   | Noticed a royal mummy
 48456 | Tomb:2   | Killed a royal mummy
 48537 | Tomb:1   | Killed a royal mummy
 48543 | Tomb:1   | Killed a royal mummy
 48553 | Tomb:1   | Noticed a royal mummy
 48558 | Tomb:1   | Killed a royal mummy
 48569 | Tomb:1   | Noticed a royal mummy
 48578 | Tomb:1   | Killed a royal mummy
 48587 | Tomb:1   | Noticed a royal mummy
 48590 | Tomb:1   | Killed a royal mummy
 48600 | Tomb:1   | Noticed a royal mummy
 48603 | Tomb:1   | Killed a royal mummy
 48696 | Tomb:1   | Noticed a royal mummy
 48697 | Tomb:1   | Noticed a royal mummy
 48707 | Tomb:1   | Killed a royal mummy
 48713 | Tomb:1   | Noticed a royal mummy
 48714 | Tomb:1   | Killed a royal mummy
 48880 | Tomb:1   | Killed a royal mummy
 48911 | Tomb:1   | Noticed a royal mummy
 48918 | Tomb:1   | Killed a royal mummy
 48987 | Tomb:1   | Noticed a royal mummy
 49005 | Tomb:1   | Killed a royal mummy
 49009 | Tomb:1   | Noticed a royal mummy
 49015 | Tomb:1   | Noticed a royal mummy
 49018 | Tomb:1   | Killed a royal mummy
 49019 | Tomb:1   | Reached XP level 27. HP: 168/261 MP: 23/23
 49021 | Tomb:1   | Killed a royal mummy
 49273 | Tomb:3   | Entered Level 3 of the Tomb of the Ancients
 49286 | Tomb:3   | Noticed a royal mummy
 49308 | Tomb:3   | Noticed a royal mummy
 49315 | Tomb:3   | Killed a royal mummy
 49323 | Tomb:3   | Killed a royal mummy
 49327 | Tomb:3   | Noticed a royal mummy
 49334 | Tomb:3   | Noticed a royal mummy
 49335 | Tomb:3   | Noticed a royal mummy
 49338 | Tomb:3   | Noticed a royal mummy
 49344 | Tomb:3   | Killed a royal mummy
 49346 | Tomb:3   | Noticed a royal mummy
 49347 | Tomb:3   | Noticed a royal mummy
 49352 | Tomb:3   | Killed a royal mummy
 49355 | Tomb:3   | Killed a royal mummy
 49505 | Tomb:3   | Identified the +3 dire flail "Qeza Vosh" {drain, rC+ SInv}
 49710 | Tomb:3   | Got a golden rune of Zot
 49766 | Tomb:3   | Identified the ring of Lady Luck {*Corrode Fly Dex+2 Slay+4
                  | SInv}
 49771 | Tomb:3   | Identified the +2 pair of gloves "Zelim" {rElec rF- rCorr
                  | Dex-2}
 49790 | Tomb:3   | Identified the +2 sling "Abrymaaf" {speed, rN+}
 49833 | Tomb:3   | Identified the +1 shortbow of Reasonable Guilt {antimagic,
                  | *Slow Str+7 SInv}
 49855 | Tomb:3   | Got the Omnibus of Obstruction and Heat
 50318 | Pan      | Entered Pandemonium
 51095 | Pan      | Noticed Evuwo the pandemonium lord
 51102 | Pan      | Killed Evuwo the pandemonium lord
 51426 | Pan      | Entered the realm of Mnoleg.
 51498 | Pan      | Gained mutation: Your tail ends in a venomous barb. [a
                  | neqoxec]
 51500 | Pan      | Gained mutation: You sometimes lose your temper in combat.
                  | [a cacodemon]
 51502 | Pan      | Gained mutation: You are weak. (Str -2) [a neqoxec]
 51510 | Pan      | Gained mutation: Your magical capacity is low. (-10% MP) [a
                  | neqoxec]
 51512 | Pan      | Gained mutation: Your magical capacity is very low. (-20%
                  | MP) [a neqoxec]
 51513 | Pan      | Gained mutation: You occasionally lose the ability to read
                  | scrolls when taking damage. [a neqoxec]
 51515 | Pan      | Gained mutation: You occasionally shout uncontrollably at
                  | your foes. [a neqoxec]
 51518 | Pan      | Gained mutation: You are occasionally teleported next to
                  | monsters. [a neqoxec]
 51525 | Pan      | Gained mutation: Your spells are a little easier to cast,
                  | but a little less powerful. [a neqoxec]
 51565 | Pan      | Gained mutation: You occasionally lose the ability to drink
                  | potions when taking damage. [a neqoxec]
 51568 | Pan      | Gained mutation: You have hidden genetic defects. [a
                  | neqoxec]
 51587 | Pan      | Noticed Mnoleg
 51587 | Pan      | Gained mutation: You are very weak. (Str -4) [a shining
                  | eye]
 51588 | Pan      | Gained mutation: Your spells are easier to cast, but less
                  | powerful. [a shining eye]
 51607 | Pan      | Killed Mnoleg
 51730 | Pan      | Got a glowing rune of Zot
 51785 | Pan      | Lost mutation: You have hidden genetic defects. [a
                  | cacodemon]
 51786 | Pan      | Gained mutation: You are resistant to electric shocks.
                  | (rElec) [a neqoxec]
 51877 | Pan      | Lost mutation: You are occasionally teleported next to
                  | monsters. [potion of mutation]
 51877 | Pan      | Lost mutation: You occasionally shout uncontrollably at
                  | your foes. [potion of mutation]
 51877 | Pan      | Gained mutation: You have sharp fingernails. [potion of
                  | mutation]
 51877 | Pan      | Gained mutation: You have a beak for a mouth. [potion of
                  | mutation]
 51877 | Pan      | Gained mutation: Your tail ends in a sharp venomous barb.
                  | [potion of mutation]
 51878 | Pan      | Lost mutation: You occasionally lose the ability to read
                  | scrolls when taking damage. [potion of mutation]
 51878 | Pan      | Lost mutation: Your tail ends in a sharp venomous barb.
                  | [potion of mutation]
 51878 | Pan      | Lost mutation: You are resistant to electric shocks.
                  | (rElec) [potion of mutation]
 51878 | Pan      | Gained mutation: You are clumsy. (Dex -2) [potion of
                  | mutation]
 51878 | Pan      | Gained mutation: You expend magic power (3 MP) to
                  | strengthen your wands. [potion of mutation]
 51879 | Pan      | Lost mutation: You have sharp fingernails. [potion of
                  | mutation]
 51879 | Pan      | Lost mutation: Your spells are easier to cast, but less
                  | powerful. [potion of mutation]
 51879 | Pan      | Lost mutation: You sometimes lose your temper in combat.
                  | [potion of mutation]
 51879 | Pan      | Lost mutation: You have a beak for a mouth. [potion of
                  | mutation]
 51880 | Pan      | Lost mutation: You occasionally lose the ability to drink
                  | potions when taking damage. [potion of mutation]
 51880 | Pan      | Lost mutation: You are clumsy. (Dex -2) [potion of
                  | mutation]
 51880 | Pan      | Gained mutation: Your tail ends in a sharp venomous barb.
                  | [potion of mutation]
 51880 | Pan      | Gained mutation: You are agile. (Dex +4, Str/Int -1)
                  | [potion of mutation]
 51881 | Pan      | Lost mutation: Your spells are a little easier to cast, but
                  | a little less powerful. [potion of mutation]
 51881 | Pan      | Lost mutation: You are very weak. (Str -4) [potion of
                  | mutation]
 51881 | Pan      | Lost mutation: Your magical capacity is very low. (-20% MP)
                  | [potion of mutation]
 51881 | Pan      | Gained mutation: You have a pair of small horns on your
                  | head. [potion of mutation]
 51881 | Pan      | Gained mutation: You passively map a small area around you.
                  | [potion of mutation]
 51881 | Pan      | Gained mutation: You passively map the area around you.
                  | [potion of mutation]
 51967 | Pan      | Lost mutation: You are agile. (Dex +4, Str/Int -1) [a
                  | cacodemon]
 52333 | Pan      | Noticed Kias the pandemonium lord
 52345 | Pan      | Killed Kias the pandemonium lord
 52675 | Pan      | Gained mutation: You sometimes lose your temper in combat.
                  | [a neqoxec]
 52794 | Pan      | Entered the realm of Cerebov.
 52797 | Pan      | Identified the ring "Ocajukhe" {*Slow rC+ Str+4 Dex+3}
 52815 | Pan      | Found the +6 sword of Cerebov {flame}
 52815 | Pan      | Noticed Cerebov
 52862 | Pan      | Killed Cerebov
 52955 | Pan      | Got a fiery rune of Zot
 53039 | Pan      | Gained mutation: Potions are less effective at restoring
                  | your health. [a cacodemon]
 53119 | Pan      | Entered the realm of Lom Lobon.
 53191 | Pan      | Noticed Lom Lobon
 53223 | Pan      | Killed Lom Lobon
 53270 | Pan      | Got a magical rune of Zot
 53456 | Pan      | Noticed Baopsud the pandemonium lord
 53465 | Pan      | Killed Baopsud the pandemonium lord
 53513 | Pan      | Got a demonic rune of Zot
 53625 | Pan      | Noticed Pyiwnea the pandemonium lord
 53632 | Pan      | Killed Pyiwnea the pandemonium lord
 53713 | Pan      | Identified the flux talisman of the Rhinotaur {Str+2}
 53715 | Pan      | Entered the realm of Gloorx Vloq.
 53731 | Pan      | Lost mutation: You expend magic power (3 MP) to strengthen
                  | your wands. [potion of mutation]
 53731 | Pan      | Lost mutation: You are weak. (Str -2) [potion of mutation]
 53731 | Pan      | Lost mutation: You sometimes lose your temper in combat.
                  | [potion of mutation]
 53731 | Pan      | Gained mutation: Your system is resistant to poisons.
                  | (rPois) [potion of mutation]
 53731 | Pan      | Gained mutation: You have a pair of horns on your head.
                  | [potion of mutation]
 53731 | Pan      | Gained mutation: Your tail ends in a wickedly sharp and
                  | venomous barb. [potion of mutation]
 53818 | Pan      | Noticed Gloorx Vloq
 53845 | Pan      | Killed Gloorx Vloq
 53896 | Pan      | Got a dark rune of Zot
 53922 | Abyss:6  | Cast into level 6 of the Abyss (unwielding a weapon of
                  | distortion)
 53948 | Abyss:6  | Found a corrupted altar of Lugonu.
 53995 | Abyss:6  | Gained mutation: You sometimes lose your temper in combat.
                  | [a cacodemon]
 54079 | Abyss:6  | Found a glowing golden altar of the Shining One.
 54098 | Abyss:6  | Noticed a juggernaut
 54106 | Abyss:6  | Killed a juggernaut
 54126 | Abyss:6  | Got an abyssal rune of Zot
 54149 | Abyss:6  | Paralysed by accursed screaming for 1 turns
 54277 | Abyss:6  | Paralysed by accursed screaming for 1 turns
 54309 | Abyss:6  | Lost mutation: You have a pair of horns on your head.
                  | [potion of mutation]
 54309 | Abyss:6  | Lost mutation: Your system is resistant to poisons. (rPois)
                  | [potion of mutation]
 54309 | Abyss:6  | Lost mutation: You have a pair of small horns on your head.
                  | [potion of mutation]
 54309 | Abyss:6  | Gained mutation: You have very sharp teeth. [potion of
                  | mutation]
 54310 | Abyss:6  | Lost mutation: You have very sharp teeth. [potion of
                  | mutation]
 54310 | Abyss:6  | Lost mutation: Your tail ends in a wickedly sharp and
                  | venomous barb. [potion of mutation]
 54310 | Abyss:6  | Lost mutation: You passively map the area around you.
                  | [potion of mutation]
 54310 | Abyss:6  | Gained mutation: Your system is resistant to poisons.
                  | (rPois) [potion of mutation]
 54311 | Abyss:6  | Lost mutation: Your system is resistant to poisons. (rPois)
                  | [potion of mutation]
 54311 | Abyss:6  | Lost mutation: Potions are less effective at restoring your
                  | health. [potion of mutation]
 54312 | Abyss:6  | Lost mutation: You passively map a small area around you.
                  | [potion of mutation]
 54312 | Abyss:6  | Lost mutation: You sometimes lose your temper in combat.
                  | [potion of mutation]
 54312 | Abyss:6  | Gained mutation: Your tail ends in a wickedly sharp and
                  | venomous barb. [potion of mutation]
 54434 | Abyss:6  | Noticed a dread lich
 54437 | Abyss:6  | Killed a dread lich
 54537 | Abyss:6  | Noticed an ancient lich
 54599 | Abyss:6  | Paralysed by accursed screaming for 1 turns
 54605 | Abyss:6  | Paralysed by accursed screaming for 1 turns
 54606 | Abyss:6  | Gained mutation: You are clumsy. (Dex -2) [a neqoxec]
 54805 | Abyss:6  | Paralysed by accursed screaming for 1 turns
 54810 | Abyss:6  | Found a corrupted altar of Lugonu.
 54825 | Pan      | Escaped the Abyss
 54967 | Pan      | Reached skill level 27 in Shields
 54980 | Pan      | Noticed Debounos the pandemonium lord
 54986 | Pan      | Killed Debounos the pandemonium lord
 55085 | Pan      | Found an exit through the horrors of the Abyss.
 55380 | Pan      | Took an exit into the Abyss.
 55380 | Abyss:6  | Escaped into the Abyss
 55396 | Depths:2 | Escaped the Abyss
 55425 | Depths:2 | Bought a potion of mutation for 136 gold pieces
 55425 | Depths:2 | Bought a potion of might for 68 gold pieces
 55425 | Depths:2 | Bought a potion of haste for 170 gold pieces
 55458 | Hell     | Entered the Vestibule of Hell
 55458 | Hell     | Noticed Geryon
 55672 | Hell     | Found a gateway to the freezing wastes of Cocytus.
 55865 | Hell     | Killed Geryon
 55968 | Coc:1    | Entered Level 1 of Cocytus
 56301 | Coc:4    | Paralysed by a wendigo for 1 turns
 56718 | Coc:5    | You are sucked into a shaft and drop 1 floor!
 56830 | Coc:7    | Entered Level 7 of Cocytus
 56844 | Coc:7    | Paralysed by a wendigo for 1 turns
 56857 | Coc:7    | Paralysed by a wendigo for 1 turns
 56917 | Coc:7    | Noticed the Serpent of Hell
 56928 | Coc:7    | Killed the Serpent of Hell
 57383 | Coc:7    | Paralysed by a wendigo for 1 turns
 57387 | Coc:7    | Paralysed by a wendigo for 1 turns
 57390 | Coc:7    | Paralysed by a wendigo for 1 turns
 57392 | Coc:7    | Paralysed by a wendigo for 1 turns
 57398 | Coc:7    | Paralysed by a wendigo for 1 turns
 57402 | Coc:7    | Paralysed by a wendigo for 1 turns
 57405 | Coc:7    | Paralysed by a wendigo for 1 turns
 57536 | Coc:7    | Paralysed by a wendigo for 1 turns
 57598 | Coc:7    | Paralysed by a wendigo for 1 turns
 57806 | Coc:7    | Identified the staff "Osteocim" {rPois rN+ Int+5 SInv
                  | Necro}
 57806 | Coc:7    | Noticed Antaeus
 57842 | Coc:7    | Killed Antaeus
 57974 | Coc:7    | Got an icy rune of Zot
 58005 | Coc:7    | Found the +8 demon blade "Leech" {evervamp, Harm Drain rN+}
 58458 | Hell     | Found a gateway to the decaying netherworld of Tartarus.
 58479 | Tar:1    | Entered Level 1 of Tartarus
 58507 | Tar:1    | Noticed a juggernaut
 58524 | Tar:1    | Killed a juggernaut
 59047 | Tar:3    | Reached skill level 27 in Fighting
 59057 | Tar:3    | Reached skill level 27 in Unarmed Combat
 59516 | Tar:5    | Reached skill level 27 in Dodging
 59523 | Tar:5    | Reached skill level 1 in Stealth
 59563 | Tar:5    | Reached skill level 1 in Evocations
 59701 | Tar:7    | Entered Level 7 of Tartarus
 59825 | Tar:7    | Reached skill level 5 in Stealth
 59842 | Tar:7    | Reached skill level 5 in Evocations
 59999 | Tar:7    | Noticed Ereshkigal
 60016 | Tar:7    | Killed Ereshkigal
 60031 | Tar:7    | Identified the +3 troll leather armour of Ipein {Will-
                  | Regen+ Int+8 Dex-5 SInv}
 60056 | Tar:7    | Got Sif Muna's Information on Phantasmal Traumaturgy
 60063 | Tar:7    | Identified the +7 mace "Kiem" {drain, rElec Stlth+}
 60065 | Tar:7    | Identified the ring "Utyishrum" {rF++ rCorr Int+2 Dex-3}
 60121 | Tar:7    | Got a bone rune of Zot
 60125 | Tar:7    | Identified the +0 halberd "Duesch" {speed, *Rage Will+
                  | Dex+3 SInv}
 60126 | Tar:7    | Identified the +7 halberd of the King {venom, Dex+3}
 60427 | Hell     | Found a gateway to the Iron City of Dis.
 60450 | Dis:1    | Entered Level 1 of the Iron City of Dis
 60645 | Dis:2    | Noticed a juggernaut
 60645 | Dis:2    | Noticed a juggernaut
 60666 | Dis:3    | Reached skill level 10 in Stealth
 60803 | Dis:3    | You are sucked into a shaft and drop 3 floors!
 60803 | Dis:6    | Noticed a dread lich
 60807 | Dis:6    | Killed a dread lich
 60809 | Dis:6    | Noticed a royal mummy
 60809 | Dis:6    | Noticed a dread lich
 60813 | Dis:6    | Killed a royal mummy
 60820 | Dis:6    | Killed a dread lich
 60831 | Dis:6    | Noticed a royal mummy
 61001 | Dis:6    | Noticed a royal mummy
 61110 | Dis:6    | Killed a royal mummy
 61113 | Dis:6    | Noticed a royal mummy
 61124 | Dis:6    | Killed a royal mummy
 61125 | Dis:6    | Reached skill level 10 in Evocations
 61128 | Dis:6    | Killed a royal mummy
 61305 | Dis:7    | Entered Level 7 of the Iron City of Dis
 61642 | Dis:7    | Noticed a juggernaut
 61682 | Dis:7    | Identified the +7 trident of Gozag, Charming {freeze, rPois
                  | Str-4 Int+3}
 61772 | Dis:7    | Killed a juggernaut
 62131 | Dis:7    | Noticed a juggernaut
 62131 | Dis:7    | Noticed Dispater
 62134 | Dis:7    | Reached skill level 15 in Stealth
 62136 | Dis:7    | Killed a juggernaut
 62153 | Dis:7    | Killed Dispater
 62164 | Dis:7    | Identified the +1 rapier "Disual" {holy, Drain rPois Str+5}
 62168 | Dis:7    | Got an iron rune of Zot
 62172 | Dis:7    | Got the Tome of Vexing Shapeshifting
 62416 | Hell     | Found a gateway to the ashen valley of Gehenna.
 62425 | Geh:1    | Entered Level 1 of Gehenna
 62861 | Geh:7    | Entered Level 7 of Gehenna
 63273 | Geh:7    | Found the +13 sceptre of Asmodeus
 63273 | Geh:7    | Noticed Asmodeus
 63282 | Geh:7    | Killed Asmodeus
 63296 | Geh:7    | Found the +11 Singing Sword {sonic wave}
 63321 | Geh:7    | Identified the ring "Luryop" {rF+ rC+ rN+ MP+9}
 63326 | Geh:7    | Identified the death talisman of Time Monsters {rElec rC+}
 63333 | Geh:7    | Got an obsidian rune of Zot
 63678 | Zot:1    | Entered Level 1 of the Realm of Zot
 64500 | Zot:2    | Noticed an orb of fire
 64573 | Zot:1    | Killed an orb of fire
 64622 | Zot:2    | Reached skill level 15 in Evocations
 64891 | Zot:3    | Noticed an orb of fire
 64891 | Zot:3    | Gained mutation: You occasionally lose the ability to read
                  | scrolls when taking damage. [an orb of fire]
 64895 | Zot:3    | Gained mutation: You are vulnerable to heat. (rF-) [an orb
                  | of fire]
 64907 | Zot:3    | Killed an orb of fire
 65157 | Zot:5    | Entered Level 5 of the Realm of Zot
 65417 | Zot:5    | Noticed a dread lich
 65445 | Zot:5    | Noticed an orb of fire
 65477 | Zot:5    | Gained mutation: You have a pair of small horns on your
                  | head. [mutagenic glow]
 65485 | Zot:5    | Noticed an orb of fire
 65489 | Zot:5    | Got the Orb of Zot
 65493 | Zot:5    | Gained mutation: You are dopey. (Int -2) [mutagenic glow]
 65498 | Zot:5    | Noticed an orb of fire
 65510 | Zot:5    | Killed an orb of fire
 65515 | Zot:5    | Killed an orb of fire
 65515 | Zot:5    | Lost mutation: Your magical capacity is low. (-10% MP)
                  | [mutagenic glow]
 65554 | Zot:5    | Gained mutation: You sometimes lose the ability to read
                  | scrolls when taking damage. [mutagenic glow]
 65555 | Zot:5    | Killed a dread lich
 65574 | Zot:5    | Killed a dread lich
 65578 | Zot:5    | Gained mutation: Your system is resistant to poisons.
                  | (rPois) [mutagenic glow]
 65625 | Zot:2    | Lost mutation: Your tail ends in a wickedly sharp and
                  | venomous barb. [potion of mutation]
 65625 | Zot:2    | Lost mutation: You are clumsy. (Dex -2) [potion of
                  | mutation]
 66164 | D:4      | Noticed Wetuah the pandemonium lord
 66248 | D:$      | Escaped with the Orb!

Illustrated notes

Levels and vault maps discovered:
D:1:      erik_arrival_cave_to_civilisation [erik_arrival_cave_to_hall],
          layout_loops_ring, hellmonk_ecumenical_altar_heavens_door,
          amcnicky_mini_pool_small
D:2:      layout_basic, minmay_misc_feat_columns, minmay_misc_feat_tiny,
          uniq_jessica
D:3:      layout_loops_ring, nicolae_vehumet_altar_sigil,
          ebering_ghost_disaster_area, hangedman_decor_growths
D:4:      layout_gridville, amcnicky_altar_gilded, minmay_temple_entry_ruins,
          st_stairs_11, uniq_ijyb
D:5:      layout_cave_pods, minivault_24, st_stairs_6, uniq_duvessa
D:6:      layout_basic, serial_shops, nicolae_shop_gaudy_bauble, moated_statue
D:7:      layout_loops_corners
D:8:      layout_rooms, erik_lair_dragon, nicolae_ossuary_entry_catacombs
D:9:      layout_roguey, tso_altar, ebering_ghost_funeral_grove
D:10:     nicolae_BIG_FREAKIN_CUBE, layout_cave_pods, minmay_between
D:11:     layout_basic, erik_orc_4
D:12:     layout_stronghold, drop_trap, grunt_ministairs_4
D:13:     layout_cross, nicolae_trove_entry_path_of_doom, bh_circular_ruins
D:14:     layout_long_grid, skrybe_vaults_entry_preservation,
          infiniplex_staircase_river, serial_demonic, serial_demonic_d,
          serial_demonic_b, serial_demonic_b, serial_demonic_d,
          nicolae_shop_i_like_big_books, minmay_stone_trees_small, uniq_jorgrun
D:15:     grunt_enter_depths_magical_seal, layout_layer_cave,
          gammafunk_ghost_split, serial_shops,
          nicolae_shop_bloodbath_and_beyond, minmay_splitting_lines
Temple:   hellmonk_temple_of_storms
Lair:1:   hellmonk_destroyed_diamonds, layout_gridlike, nicolae_lair_lindhole,
          uniq_harold
Lair:2:   layout_gridlike, minmay_shoals_entry_hut, beast_lair_carwin_10
Lair:3:   layout_small_grid, spider_nest_entry_web_field, grunt_megastairs_1,
          serial_bayou_shore_a, uniq_josephine, uniq_rupert
Lair:4:   layout_gridlike, serial_bayou_shore_b, lemuel_fruit_fields
Lair:5:   minmay_lair_end_enchanted_forest, layout_hall_layers, slime_entry_1,
          grunt_forest_large_clearings, uniq_nessos
Shoals:1: layout_shoals, serial_shops, nicolae_shop_back_alley_shop,
          nicolae_shoals_abyss_on_the_beach
Shoals:2: layout_shoals, nicolae_shop_overcharged_wands
Shoals:3: layout_shoals, minmay_shop_enchanted_jewellery, yaktaur_hedge
Shoals:4: shoals_end_grunt_ice, layout_shoals, serial_shops,
          nicolae_shop_drivethru, nicolae_shop_vocational
Spider:1: layout_chambers, nicolae_spider_paper_wasps
Spider:2: layout_spider_delve
Spider:3: layout_spider_delve, portal_ice_cave_entry_frozen_things
Spider:4: hellmonk_spider_rune_endless_swarm, nicolae_spider_scorpion_nest,
          uniq_roxanne
Slime:1:  layout_caves
Slime:2:  layout_caves, uniq_dissolution
Slime:3:  layout_caves
Slime:4:  layout_caves
Slime:5:  slime_pit_nicolae_royal_road_to_ruin
Orc:1:    giant_chief_lemuel, layout_caves, serial_shops,
          nicolae_shop_gaudy_bauble
Orc:2:    st_orc_ogre_mass, layout_diamond_mine, lightli_church_of_beogh
Elf:1:    eino_elf_arrival_sip, layout_loops_corners, hangedman_elf_represent,
          nicolae_elf_glass_and_crystal_pillar_2, kilobyte_rumbling_trees
Elf:2:    nicolae_elf_blades_splatter_lattice [nicolae_blade_lattice],
          layout_onion_city, nicolae_elf_m_pinch
Elf:3:    grunt_elf_hall_branching, layout_geoelf_diagonals,
          ebering_ghost_inner_flame, drop_trap, hellmonk_sif_muna_bookshelves,
          uniq_saint_roka
Vaults:1: hangedman_vaults_locks, v_misc_5, hangedman_vaults_slither,
          nicolae_vaults_trapezoid_layered, nicolae_vaults_door_testing_chamber,
          v_alt_pattern_6, ontoclasm_vaults_loading_screen,
          nicolae_vaults_angled_halls, nicolae_vaults_tetromino_T_2,
          nicolae_vaults_double_plus_1, vaults_room_grunt_arrival_ludios,
          vaults_dpeg_encased_lava, nicolae_vaults_trapezoid_1,
          layout_vaults_omnicross, uniq_nikola
Vaults:2: hangedman_vaults_stretched_pinwheel, minmay_crypt_entry_simple_round,
          vaults_room_hallway, vaults_dpeg_ring, st_check,
          nicolae_vaults_trapezoid_2, hangedman_vaults_cutoff,
          vaults_room_door_ring, nicolae_vaults_apartment_1, v_pattern_5,
          nicolae_vaults_taking_the_gang_shopping, layout_vaults_maze_snakey,
          serial_shops, shop
Vaults:3: nicolae_vaults_weapon_check, v_pattern_1, v_misc_28, v_misc_19,
          v_alt_pattern_1, nicolae_vaults_tetromino_T_1,
          nicolae_vaults_heart-shaped_vault, layout_vaults_quadrants
Vaults:4: mu_enter_wizlab_3, vaults_room_boxed, st_greater_box_1,
          nicolae_vaults_double_plus_1, nicolae_vaults_double_plus_3,
          vaults_room_stairs_pillars, hangedman_vaults_capsules,
          hangedman_vaults_nails, ontoclasm_vaults_hangar,
          nicolae_vaults_closet_pinwheel_4, ontoclasm_vaults_shuriken,
          nicolae_vaults_little_squares_6, v_misc_31, v_pattern_2,
          nicolae_vaults_rhombus_5, layout_vaults_omnibox, serial_shops,
          nicolae_shop_dealshenge
Vaults:5: serial_shops
Crypt:1:  layout_chaotic_city, grunt_megastairs_2, lemuel_upstairs_altar,
          uniq_margery
Crypt:2:  cheibrodos_crypt_draghalla, layout_gridlike
Crypt:3:  evilmike_haunted_forest
Tomb:1
Tomb:2
Tomb:3
Depths:1: layout_gridlike, abyss_entry, hell_entry, nicolae_zig_zag_zippers,
          nicolae_shop_self_help
Depths:2: minmay_dotted_concentric_squares, layout_gridlike, special_room
          [special_room_morgue], serial_shops, shop, nzn_hepliaklqana_mist_gate,
          pan_entry, hell_entry, hex_tiny, minmay_hollow_rounded_squares
Depths:3: tekkud_shrikecote, layout_cave_pools, enter_ziggurat_b, special_room
          [special_room_jelly], hangedman_abyss_entry_splay, lightli_too_deep,
          chequers_serial_rivers_small_3, minmay_misc_feat_x, drop_trap,
          uniq_norris, uniq_jory, uniq_parghit
Depths:4: regret_index_infernal_bastille, layout_basic, serial_shops, shop,
          hell_entry, pan_entry, grunt_megastairs_5
Hell
Dis:1:    layout_regular_city
Dis:2:    layout_jigsaw, nicolae_dis_step_into_the_octagon
Dis:3:    layout_jigsaw, nicolae_hells_seeping_fissure
Dis:6:    layout_jigsaw, lemuel_mystery_crypt
Dis:7:    dis_hangedman
Geh:1:    layout_gehenna_pools_box, lemuel_old_faithful
Geh:2:    layout_gehenna_lava_caves
Geh:3:    layout_gehenna_pools_triple, hangedman_elemental_corridor
Geh:4:    layout_gehenna_lava_caves
Geh:5:    layout_gehenna_pools_box
Geh:6:    layout_gehenna_pools_triple, nicolae_geh_lavax
Geh:7:    geh_mu
Coc:1:    layout_cocytus_water_paths
Coc:2:    layout_ice_bergs
Coc:3:    layout_cocytus_water_paths
Coc:4:    layout_ice_bergs
Coc:5:    layout_cocytus_delve
Coc:6:    layout_cocytus_water_paths
Coc:7:    coc_grunt_cove [coc_grunt_cove_antaeus, coc_grunt_cove_fiend,
          coc_grunt_cove_fiend, coc_grunt_cove_fiend, coc_grunt_cove_fiend]
Tar:1:    nicolae_hells_titanomachy
Tar:2:    layout_grid_maze, lemuel_nasty_pond
Tar:3:    layout_honeycomb
Tar:4:    nicolae_tar_entranced, layout_cathedral_of_symmetry
Tar:5:    layout_cathedral_of_symmetry, nicolae_tar_cuneiform_not,
          evilmike_ambush [evilmike_ambush_outer_basic,
          evilmike_ambush_inner_basic]
Tar:6:    layout_cathedral_of_symmetry, nicolae_tar_cuneiform_city
Tar:7:    tar_minmay_river
Zot:1:    layout_gridlike, uniq_josephina
Zot:2:    layout_misc_corridors, guppyfry_library_mini
Zot:3:    grunt_zot_stairs_mandelzot, layout_misc_corridors
Zot:4:    layout_basic, gammafunk_ghost_mausoleum
Zot:5:    layout_twisted_circle, kennysheep_underground_church

Skill      XL: |  1  2  3  4  5  6  7  8  9 10 11 12 13 14 15 16 17 18 19 20 21 22 23 24 25 26 27 |
---------------+----------------------------------------------------------------------------------+-----
Unarmed Combat | 3 5 7 9 10 11 13 15 16 18 19 22 24 26 27 | 27.0
Shapeshifting  | 1 2 4 5 6 10 14 16 19 21 24 25 | 25.0
Fighting       | 4 5 7 8 9 11 12 14 17 18 20 24 27 | 27.0
Shields        | 10 12 13 15 17 27 | 27.0
Dodging        | 6 9 14 15 17 18 27 | 27.0
Stealth        | 21 | 21.9
Evocations     | 17 | 17.7

Action                     |  1- 3 |  4- 6 |  7- 9 | 10-12 | 13-15 | 16-18 | 19-21 | 22-24 | 25-27 || total
---------------------------+-------+-------+-------+-------+-------+-------+-------+-------+-------++-------
  Melee: Unarmed           |    99 |    79 |   241 |   481 |  1062 |  1115 |  1400 |   748 |  5368 || 10593
         Tailslap          |    14 |    24 |    43 |    88 |   179 |   179 |   258 |   161 |  1056 ||  2002
         Rapier            |       |   106 |       |       |       |       |       |       |       ||   106
         Headbutt          |       |       |       |       |       |       |       |       |   216 ||   216
 Invoke: Call Merchant     |       |       |       |     2 |     2 |     3 |     1 |       |     3 ||    11
         Potion Petition   |       |       |       |       |       |       |     2 |       |    15 ||    17
         Bribe Branch      |       |       |       |       |       |       |     1 |       |     7 ||     8
Ability: Breathe Steam     |       |       |    35 |    46 |    30 |       |       |       |       ||   111
  Evoke: Wand              |       |     1 |     4 |       |    11 |     7 |     1 |       |    13 ||    37
         Phantom mirror    |       |       |       |       |       |       |     1 |       |     1 ||     2
         Lightning rod     |       |       |       |       |       |       |       |     5 |     3 ||     8
    Use: Scroll            |       |     7 |    14 |     5 |     8 |    13 |     6 |     5 |    57 ||   115
         Potion            |       |       |     1 |     3 |     6 |     9 |     1 |     5 |    60 ||    85
   Stab: Sleeping          |       |     1 |     1 |       |       |       |       |       |    24 ||    26
         Distracted        |       |       |     1 |     2 |     6 |    12 |    11 |     9 |    89 ||   130
         Fleeing           |       |       |       |       |       |       |     1 |       |       ||     1
         Invisible         |       |       |       |       |       |       |       |       |     4 ||     4
         Confused          |       |       |       |       |       |       |       |       |     4 ||     4
 Armour: Skin              |    33 |    85 |    49 |   156 |   698 |  1123 |  1310 |   569 |  3586 ||  7609
  Dodge: Dodged            |    40 |   114 |    90 |   193 |   856 |   701 |   725 |   375 |  3410 ||  6504
  Block: Buckler           |    20 |    27 |    13 |       |       |       |       |       |       ||    60
         Kite shield       |       |       |    61 |   266 |  1047 |  1087 |  1486 |   564 |  4788 ||  9299
   Form: Statue            |       |       |       |       |     1 |     1 |       |       |       ||     2

Table legend: (Time is in decaauts)
 A = Elapsed time spent in this place.
 B = Non-inter-level travel time spent in this place.
 C = Inter-level travel time spent in this place.
 D = Time resting spent in this place.
 E = Time spent auto-exploring this place.
 F = Levels seen in this place.
 G = Mean time per level.
                   A        B        C        D        E       F      G
               +--------+--------+--------+--------+--------+-----+--------+
         Total |  86953 |  75938 |  11015 |   1871 |  50076 | 118 |  736.9 |
       Dungeon |  16610 |  13557 |   3053 |    187 |  10516 |  15 | 1107.3 |
        Temple |     33 |      2 |     31 |      0 |      0 |   1 |   33.0 |
          Lair |   7190 |   6444 |    746 |      0 |   4987 |   5 | 1438.0 |
        Shoals |   4544 |   4033 |    511 |      0 |   2904 |   4 | 1136.0 |
   Spider Nest |   5974 |   5678 |    296 |    252 |   4038 |   4 | 1493.5 |
    Slime Pits |   1192 |    903 |    289 |    258 |    213 |   5 |  238.4 |
  Orcish Mines |   2709 |   2461 |    248 |     81 |   1725 |   2 | 1354.5 |
   Elven Halls |   4190 |   3810 |    380 |     12 |   2969 |   3 | 1396.7 |
        Vaults |   9050 |   8510 |    540 |      9 |   6658 |   5 | 1810.0 |
         Crypt |   3408 |   3160 |    248 |      0 |   2221 |   3 | 1136.0 |
          Tomb |   4358 |   3569 |    789 |     29 |   2604 |   3 | 1452.7 |
        Depths |   6323 |   5405 |    918 |    342 |   3531 |   4 | 1580.8 |
          Hell |    851 |    589 |    262 |      0 |    313 |   1 |  851.0 |
           Dis |   2489 |   2044 |    445 |    137 |   1165 |   5 |  497.8 |
       Gehenna |   1567 |    924 |    643 |      9 |    480 |   7 |  223.9 |
       Cocytus |   2990 |   2450 |    540 |    191 |   1212 |   7 |  427.1 |
      Tartarus |   2291 |   1856 |    435 |     95 |    943 |   7 |  327.3 |
           Zot |   2751 |   2117 |    634 |     58 |   1228 |   5 |  550.2 |
         Abyss |    934 |    934 |      0 |     24 |     12 |   2 |  467.0 |
   Pandemonium |   5491 |   5491 |      0 |    182 |   1228 |  21 |  261.5 |
      Ziggurat |    394 |    394 |      0 |      0 |    204 |   6 |   65.7 |
         Trove |    206 |    206 |      0 |      0 |     54 |   1 |  206.0 |
       Ossuary |    505 |    505 |      0 |      0 |    276 |   1 |  505.0 |
      Ice Cave |    892 |    892 |      0 |      0 |    589 |   1 |  892.0 |
               +--------+--------+--------+--------+--------+-----+--------+

Top non-repeatable levels by time:
  Tomb:1: 2404 daAuts
Vaults:4: 2346 daAuts
Depths:2: 2195 daAuts
  Lair:5: 1940 daAuts
Vaults:1: 1877 daAuts
   Coc:7: 1866 daAuts
 Crypt:3: 1847 daAuts
Depths:4: 1767 daAuts
Spider:3: 1746 daAuts
   Elf:3: 1694 daAuts
    D:15: 1681 daAuts
Vaults:5: 1666 daAuts
Depths:1: 1643 daAuts
Spider:4: 1642 daAuts
    D:14: 1628 daAuts
